 Dungeon Crawl Stone Soup version 0.26-a0-597-gb535b09 (webtiles) character file.

Game seed: 15759687708936644988

34 Hazorath the Skirmisher (level 3, -2/34 HPs)
             Began as a Naga Fighter on Aug 26, 2020.
             Slain by Terence
             ... wielding a +0 flail
              (5 damage)
             ... on level 3 of the Dungeon.
             The game lasted 00:02:51 (825 turns).

Hazorath the Skirmisher (Naga Fighter)               Turns: 825, Time: 00:02:52

Health: -2/34      AC:  4    Str: 19    XL:     3   Next: 31%
Magic:  3/3        EV:  7    Int:  8    God:
Gold:   51         SH:  0    Dex: 10    Spells: 2/2 levels left

rFire    . . .     SeeInvis +   a - +0 war axe
rCold    . . .     Faith    .   (no shield)
rNeg     . . .     Spirit   .   b - +0 scale mail
rPois    +         Reflect  .   (no helmet)
rElec    .         Harm     .   (no cloak)
rCorr    .                      (no gloves)
MR       .....                  (no barding)
Stlth    ..........             (no amulet)
HPRegen  0.11/turn              (no ring)
MPRegen  0.08/turn              (no ring)

@: mighty, very slightly contaminated, invisible, very slow
A: large, see invisible, deformed body, poison resistance, slowness 2, spit
poison 1, AC +1
a: Spit Poison


You were on level 3 of the Dungeon.
You visited 1 branch of the dungeon, and saw 3 of its levels.

You collected 51 gold pieces.

Inventory:

Hand Weapons
 a - a +0 war axe (weapon)
Armour
 b - a +0 scale mail (worn)
 c - a +0 kite shield
Jewellery
 h - an uncursed ring of ice
Scrolls
 j - a scroll of remove curse {unknown}
Potions
 e - a potion of cancellation {unknown}
 g - a potion of brilliance {unknown}
 i - a potion of curing {unknown}
 k - a potion of flight {unknown}


   Skills:
 + Level 3.4 Fighting
 * Level 3.2 Axes
 - Level 2.4 Armour
 - Level 2.4 Shields


You had 2 spell levels left.
You didn't know any spells.
Your spell library was empty.

Dungeon Overview and Level Annotations

Branches:
Dungeon (3/15)

Altars:

Annotations:
D:3 Terence


Innate Abilities, Weirdness & Mutations

You cannot wear boots.
Your serpentine skin is tough. (AC +1)
You have supernaturally acute eyesight. (SInv)
Armour fits poorly on your strangely shaped body.
Your system is resistant to poisons. (rPois)
You cover ground very slowly.
You can spit poison.


Message History

Aim: Terence, wielding a +0 flail and wearing a +0 scale mail The splash of poison misses Terence.
You barely miss Terence. Terence hits you with a +0 flail!
You closely miss Terence. Terence hits you with a +0 flail.
You feel very mighty all of a sudden. Terence hits you with a +0 flail.
You barely miss Terence.
You have got your breath back.
Terence hits you with a +0 flail.
You hit Terence.
Terence is moderately wounded.
Terence says, "You're history."
Terence hits you with a +0 flail!
* * * LOW HITPOINT WARNING * * *
You fade into invisibility!
Terence closely misses you.
You are very lightly contaminated with residual magic.
Terence closely misses you. Terence hits you with a +0 flail.
You die...

##### ##...##
##@.#..#
##@.###.#
##..## #.##
##..## #..#
#..## ##.#
#..## #..#
#..########.##
.... ........#
$##.#
##......#


You could see Terence.

Vanquished Creatures
  An adder (D:2)
  A worm (D:2)
  6 bats
  4 giant cockroaches
  2 goblins
  A hobgoblin (D:1)
  A kobold (D:1)
  A ball python (D:1)
  3 frilled lizards
  2 rats
22 creatures vanquished.

Notes
Turn   | Place    | Note
-------+----------+-------------------------------------------
     0 | D:1      | Hazorath the Naga Fighter began the quest for the Orb.
     0 | D:1      | Reached XP level 1. HP: 21/21 MP: 1/1
   161 | D:1      | Reached XP level 2. HP: 28/28 MP: 2/2
   486 | D:2      | Reached XP level 3. HP: 23/34 MP: 3/3
   811 | D:3      | Noticed Terence
   825 | D:3      | Slain by Terence

Illustrated notes

Levels and vault maps discovered:
D:1:      minmay_arrival_nine_rooms, layout_basic, fountainhead,
          skrybe_limestone_x, minmay_close_crescents
D:2:      layout_basic, uniq_sigmund
D:3:      layout_loops_ring, marbit_many_paths, lightli_temple_of_fire,
          serial_forest, infiniplex_forest_straight_2,
          infiniplex_forest_clump_large, infiniplex_forest_straight_1,
          infiniplex_forest_lined_3_way, minmay_misc_feat_secret_circle,
          grunt_decor_arrowhead, uniq_terence

Skill      XL: |  1  2 |
---------------+-------+-----
Axes           | 3 |  3.2
Fighting       | |  3.4
Armour         | |  2.4
Shields        | |  2.4

Action                   || total
-------------------------++-------
Melee: War axe           ||    79
 Abil: Spit Poison       ||     2
  Use: Potion            ||     2
       Scroll            ||     1
Armor: Scale mail        ||    48
Dodge: Dodged            ||    31
Block: Kite shield       ||    12

Table legend: (Time is in decaauts)
 A = Elapsed time spent in this place.
 B = Non-inter-level travel time spent in this place.
 C = Inter-level travel time spent in this place.
 D = Time resting spent in this place.
 E = Time spent auto-exploring this place.
 F = Levels seen in this place.
 G = Mean time per level.
                   A        B        C        D        E       F      G
               +--------+--------+--------+--------+--------+-----+--------+
         Total |    970 |    962 |      8 |      0 |    677 |   3 |  323.3 |
       Dungeon |    970 |    962 |      8 |      0 |    677 |   3 |  323.3 |
               +--------+--------+--------+--------+--------+-----+--------+

Top non-repeatable levels by time:
     D:2: 538 daAuts
     D:1: 344 daAuts
     D:3: 87 daAuts
